| TOP OF THE 1ST |
|
St. Louis Cardinals batting - Pitching for Philadelphia Phillies : RHP Sean Hill
|
|
Pitching: RHP Sean Hill
|
|
|
Batting: RHB Mike Bates
|
0-0: Ball 1-0: DOUBLE (Line Drive, 78D, EV 101.2 MPH)
|
|
Batting: LHB Pat Sutton
|
0-0: Ball 1-0: Ball 2-0: Called Strike 2-1: Called Strike 2-2: Foul Ball, location: 2F 2-2: Strikes out swinging
|
|
Batting: SHB Harry Hoop
|
0-0: Ball 1-0: Ball 2-0: Called Strike 2-1: Swinging Strike 2-2: Strikes out looking
|
|
Batting: RHB Melvin Enriquez
|
0-0: SINGLE (Groundball, 4S, EV 66.9 MPH) (infield hit) Mike Bates to third
|
|
Batting: LHB Armando Carbajal
|
0-0: Swinging Strike 0-1: 3-RUN HOME RUN (Line Drive, 89XD, EV 114.4 MPH), Distance : 444 ft
|
|
Batting: SHB Chris Blue
|
0-0: Ball 1-0: Foul Ball, location: 2F 1-1: Called Strike 1-2: Ball 2-2: Ball 3-2: Foul Ball, location: 2F 3-2: Fly out, F9 (Line Drive, 89M, EV 91.2 MPH)
|
| Top of the 1st over - 3 runs, 3 hits, 0 errors, 0 left on base; St. Louis 3 - Philadelphia 0 |
| BOTTOM OF THE 1ST |
|
Philadelphia Phillies batting - Pitching for St. Louis Cardinals : RHP Casey Cogdill
|
|
Pitching: RHP Casey Cogdill
|
|
|
Batting: SHB Lance Franklin
|
0-0: Hit by Pitch
|
|
Batting: SHB Phuck II
|
0-0: Swinging Strike 0-1: Ball 1-1: Foul Ball, location: 2F 1-2: Ball 2-2: Strikes out looking
|
|
Batting: RHB Chef Belew
|
0-0: Ball 1-0: Grounds into double play, 3-6-3 (Groundball, 3, EV 81.2 MPH)
|
| Bottom of the 1st over - 0 runs, 0 hits, 0 errors, 0 left on base; St. Louis 3 - Philadelphia 0 |
| TOP OF THE 2ND |
|
St. Louis Cardinals batting - Pitching for Philadelphia Phillies : RHP Sean Hill
|
|
Batting: LHB Billy Guzman
|
0-0: Ball 1-0: Fly out, F6 (Popup, 15S, EV 90.6 MPH)
|
|
Batting: RHB Klaas Meij
|
0-0: Ball 1-0: Foul Ball, location: 2F 1-1: Called Strike 1-2: Ball 2-2: Strikes out swinging
|
|
Batting: RHB Danny Gallo
|
0-0: Ball 1-0: Ball 2-0: Called Strike 2-1: Ground out 4-3 (Groundball, 4, EV 108.1 MPH)
|
| Top of the 2nd over - 0 runs, 0 hits, 0 errors, 0 left on base; St. Louis 3 - Philadelphia 0 |
| BOTTOM OF THE 2ND |
|
Philadelphia Phillies batting - Pitching for St. Louis Cardinals : RHP Casey Cogdill
|
|
Batting: RHB Josh Hensley
|
0-0: Ball 1-0: Ball 2-0: Ball 3-0: Called Strike 3-1: Ground out 4-3 (Groundball, 4, EV 86.2 MPH)
|
|
Batting: LHB Osamu Kubo
|
0-0: Ball 1-0: Foul Ball, location: 2F 1-1: Ball 2-1: Ball 3-1: Called Strike 3-2: Base on Balls
|
|
Batting: LHB Mike Davis
|
0-0: Called Strike 0-1: Fly out, F7 (Flyball, 7LS, EV 94.4 MPH)
|
|
Batting: RHB Quintin Parker
|
0-0: Ball 1-0: Fly out, F7 (Line Drive, 78M, EV 92.5 MPH)
|
| Bottom of the 2nd over - 0 runs, 0 hits, 0 errors, 1 left on base; St. Louis 3 - Philadelphia 0 |
| TOP OF THE 3RD |
|
St. Louis Cardinals batting - Pitching for Philadelphia Phillies : RHP Sean Hill
|
|
Batting: RHB Mike Bates
|
0-0: Ground out 5-3 (Groundball, 5L, EV 96.9 MPH)
|
|
Batting: LHB Pat Sutton
|
0-0: Foul Ball, location: 2F 0-1: SOLO HOME RUN (Flyball, 78XD, EV 101.9 MPH), Distance : 406 ft
|
|
Batting: SHB Harry Hoop
|
0-0: Ball 1-0: Called Strike 1-1: Foul Ball, location: 2F 1-2: Ball 2-2: Strikes out swinging
|
|
Batting: RHB Melvin Enriquez
|
0-0: Ball 1-0: Ball 2-0: Ball 3-0: Ground out 5-3 (Groundball, 56S, EV 69.4 MPH)
|
| Top of the 3rd over - 1 run, 1 hit, 0 errors, 0 left on base; St. Louis 4 - Philadelphia 0 |
| BOTTOM OF THE 3RD |
|
Philadelphia Phillies batting - Pitching for St. Louis Cardinals : RHP Casey Cogdill
|
|
Batting: LHB Jim Beaver
|
0-0: Ball 1-0: Ball 2-0: Ball 3-0: Called Strike 3-1: Ground out 4-3 (Groundball, 34, EV 100.6 MPH)
|
|
Batting: LHB Ryan Trombley
|
0-0: Ball 1-0: Called Strike 1-1: SINGLE (Line Drive, 7S, EV 111.9 MPH)
|
|
Batting: SHB Lance Franklin
|
0-0: Called Strike 0-1: Ball 1-1: Ball 2-1: Called Strike 2-2: Fly out, F7 (Flyball, 7, EV 86.2 MPH)
|
|
Batting: SHB Phuck II
|
0-0: Foul Ball, location: 2F 0-1: Swinging Strike 0-2: Ball 1-2: Foul Ball, location: 2F 1-2: Strikes out looking
|
| Bottom of the 3rd over - 0 runs, 1 hit, 0 errors, 1 left on base; St. Louis 4 - Philadelphia 0 |
| TOP OF THE 4TH |
|
St. Louis Cardinals batting - Pitching for Philadelphia Phillies : RHP Sean Hill
|
|
Batting: LHB Armando Carbajal
|
0-0: SINGLE (Line Drive, 89S, EV 93.8 MPH)
|
|
Batting: SHB Chris Blue
|
0-0: Called Strike 0-1: Ball 1-1: Ball 2-1: Ball 3-1: SINGLE (Flyball, 8LS, EV 95.6 MPH) Armando Carbajal to second
|
|
Batting: LHB Billy Guzman
|
0-0: Ball 1-0: Foul Ball, location: 2F 1-1: Ball 2-1: Bunt missed! 2-2: Fielders Choice at 2nd, 5-4 (Groundball, 56, EV 83.1 MPH) Armando Carbajal to third
|
|
Batting: RHB Klaas Meij
|
0-0: Ball 1-0: Foul Ball, location: 2F 1-1: Called Strike 1-2: Ball 2-2: Foul Ball, location: 2F 2-2: Foul Ball, location: 2F 2-2: Ball 3-2: Base on Balls Billy Guzman to second
|
|
Batting: RHB Danny Gallo
|
0-0: Foul Ball, location: 2F 0-1: Ball 1-1: Swinging Strike 1-2: Fly out, F8 (Flyball, 89M, EV 86.9 MPH)
|
|
Batting: RHB Mike Bates
|
0-0: Ball 1-0: Foul Ball, location: 2F 1-1: Foul Ball, location: 2F 1-2: Ball 2-2: Foul Ball, location: 2F 2-2: Strikes out looking
|
| Top of the 4th over - 0 runs, 2 hits, 0 errors, 3 left on base; St. Louis 4 - Philadelphia 0 |
| BOTTOM OF THE 4TH |
|
Philadelphia Phillies batting - Pitching for St. Louis Cardinals : RHP Casey Cogdill
|
|
Batting: RHB Chef Belew
|
0-0: Ball 1-0: Ball 2-0: SINGLE (Groundball, 56D, EV 98.8 MPH)
|
|
Batting: RHB Josh Hensley
|
0-0: Ball 1-0: Called Strike 1-1: Swinging Strike 1-2: Grounds into double play, 6-4-3 (Groundball, 6, EV 91.2 MPH)
|
|
Batting: LHB Osamu Kubo
|
0-0: Ball 1-0: Foul Ball, location: 2F 1-1: Ball 2-1: Called Strike 2-2: Foul Ball, location: 2F 2-2: Ball 3-2: Strikes out swinging
|
| Bottom of the 4th over - 0 runs, 1 hit, 0 errors, 0 left on base; St. Louis 4 - Philadelphia 0 |
| TOP OF THE 5TH |
|
St. Louis Cardinals batting - Pitching for Philadelphia Phillies : RHP Sean Hill
|
|
Batting: LHB Pat Sutton
|
0-0: Ball 1-0: Called Strike 1-1: Ball 2-1: Called Strike 2-2: SOLO HOME RUN (Flyball, 78XD, EV 97.5 MPH), Distance : 408 ft
|
|
Pitching: RHP Lucas McPhillie
|
|
|
Batting: SHB Harry Hoop
|
0-0: Called Strike 0-1: Ball 1-1: Called Strike 1-2: Ground out 1-3 (Groundball, 13, EV 73.8 MPH)
|
|
Batting: RHB Melvin Enriquez
|
0-0: Fly out, F9 (Flyball, 9, EV 95.0 MPH)
|
|
Batting: LHB Armando Carbajal
|
0-0: Ball 1-0: Foul Ball, location: 2F 1-1: Foul Ball, location: 2F 1-2: SINGLE (Groundball, 3S, EV 73.1 MPH) (infield hit)
|
|
Batting: SHB Chris Blue
|
0-0: Ball 1-0: Ball 2-0: Ball 3-0: Called Strike 3-1: Base on Balls Armando Carbajal to second
|
|
Batting: LHB Billy Guzman
|
0-0: Called Strike 0-1: Ball 1-1: Ball 2-1: Ground out 4-3 (Groundball, 4, EV 81.9 MPH)
|
| Top of the 5th over - 1 run, 2 hits, 0 errors, 2 left on base; St. Louis 5 - Philadelphia 0 |
| BOTTOM OF THE 5TH |
|
Philadelphia Phillies batting - Pitching for St. Louis Cardinals : RHP Casey Cogdill
|
|
Batting: LHB Mike Davis
|
0-0: Ground out 4-3 (Groundball, 4M, EV 101.2 MPH)
|
|
Batting: RHB Quintin Parker
|
0-0: SINGLE (Groundball, P, EV 86.2 MPH) (infield hit)
|
|
Batting: LHB Jim Beaver
|
0-0: Ball 1-0: Swinging Strike 1-1: Foul Ball, location: 2F 1-2: Foul Ball, location: 2F 1-2: Ball 2-2: Foul Ball, location: 2F 2-2: Ball 3-2: Strikes out swinging Quintin Parker is caught stealing 2nd base 2-6 Batter strikes out.
|
| Bottom of the 5th over - 0 runs, 1 hit, 0 errors, 0 left on base; St. Louis 5 - Philadelphia 0 |
| TOP OF THE 6TH |
|
St. Louis Cardinals batting - Pitching for Philadelphia Phillies : RHP Lucas McPhillie
|
|
Batting: RHB Klaas Meij
|
0-0: Called Strike 0-1: Ball 1-1: Foul Ball, location: 2F 1-2: Strikes out swinging
|
|
Batting: RHB Danny Gallo
|
0-0: Called Strike 0-1: Foul Ball, location: 2F 0-2: Ball 1-2: Strikes out swinging
|
|
Batting: RHB Mike Bates
|
0-0: Ball 1-0: SINGLE (Line Drive, 9S, EV 91.9 MPH)
|
|
Batting: LHB Pat Sutton
|
0-0: Ball 1-0: Ball 2-0: Ball 3-0: Base on Balls Mike Bates to second
|
|
Batting: SHB Harry Hoop
|
0-0: Foul Ball, location: 2F 0-1: Called Strike 0-2: Fly out, F1 (Popup, P, EV 75.6 MPH)
|
| Top of the 6th over - 0 runs, 1 hit, 0 errors, 2 left on base; St. Louis 5 - Philadelphia 0 |
| BOTTOM OF THE 6TH |
|
Philadelphia Phillies batting - Pitching for St. Louis Cardinals : RHP Casey Cogdill
|
|
Batting: LHB Ryan Trombley
|
0-0: Called Strike 0-1: Foul Ball, location: 2F 0-2: Ball 1-2: Strikes out looking
|
|
Batting: SHB Lance Franklin
|
0-0: Called Strike 0-1: Ball 1-1: SINGLE (Line Drive, 78S, EV 106.9 MPH)
|
|
Batting: SHB Phuck II
|
0-0: Ball 1-0: Ball 2-0: Swinging Strike 2-1: Ball 3-1: Called Strike 3-2: SINGLE (Line Drive, 8RS, EV 100.0 MPH) Lance Franklin to second
|
|
Batting: RHB Chef Belew
|
0-0: Ball 1-0: Ball 2-0: Foul Ball, location: 2F 2-1: Called Strike 2-2: Strikes out looking
|
|
Batting: RHB Josh Hensley
|
0-0: Ball 1-0: Fly out, F9 (Flyball, 89S, EV 91.9 MPH)
|
| Bottom of the 6th over - 0 runs, 2 hits, 0 errors, 2 left on base; St. Louis 5 - Philadelphia 0 |
| TOP OF THE 7TH |
|
St. Louis Cardinals batting - Pitching for Philadelphia Phillies : RHP Lucas McPhillie
|
|
Batting: RHB Melvin Enriquez
|
0-0: Called Strike 0-1: Ball 1-1: Ball 2-1: Foul Ball, location: 2F 2-2: Strikes out swinging
|
|
Batting: LHB Armando Carbajal
|
0-0: Called Strike 0-1: Called Strike 0-2: Strikes out swinging
|
|
Batting: SHB Chris Blue
|
0-0: Called Strike 0-1: Ball 1-1: Ball 2-1: Ball 3-1: Base on Balls
|
|
Pitching: RHP David LaBounty
|
|
|
Batting: LHB Billy Guzman
|
0-0: Ball 1-0: Called Strike 1-1: Foul Ball, location: 2F 1-2: Strikes out looking
|
| Top of the 7th over - 0 runs, 0 hits, 0 errors, 1 left on base; St. Louis 5 - Philadelphia 0 |
| BOTTOM OF THE 7TH |
|
Philadelphia Phillies batting - Pitching for St. Louis Cardinals : RHP Casey Cogdill
|
|
Batting: LHB Osamu Kubo
|
0-0: Ball 1-0: Ball 2-0: Called Strike 2-1: Ball 3-1: Swinging Strike 3-2: Strikes out swinging
|
|
Batting: LHB Mike Davis
|
0-0: Swinging Strike 0-1: Fly out, F8 (Flyball, 8RD, EV 90.0 MPH)
|
|
Batting: RHB Quintin Parker
|
0-0: SOLO HOME RUN (Flyball, 7D, EV 99.4 MPH), Distance : 370 ft
|
|
Batting: LHB Jim Beaver
|
0-0: Hit by Pitch
|
|
Batting: LHB Ryan Trombley
|
0-0: Ball 1-0: Ball 2-0: Ball 3-0: Called Strike 3-1: Reached on error, E6 (Groundball, 6, EV 93.1 MPH) Jim Beaver to second
|
|
Pitching: RHP Danny Cook
|
|
|
Batting: SHB Lance Franklin
|
0-0: Foul Ball, location: 2F 0-1: Ball 1-1: Swinging Strike 1-2: Foul Ball, location: 2F 1-2: Fly out, F7 (Flyball, 78M, EV 78.1 MPH)
|
| Bottom of the 7th over - 1 run, 1 hit, 1 error, 2 left on base; St. Louis 5 - Philadelphia 1 |
| TOP OF THE 8TH |
|
St. Louis Cardinals batting - Pitching for Philadelphia Phillies : RHP David LaBounty
|
|
Batting: RHB Klaas Meij
|
0-0: Swinging Strike 0-1: SOLO HOME RUN (Flyball, 9LD, EV 97.5 MPH), Distance : 363 ft
|
|
Batting: RHB Danny Gallo
|
0-0: Ball 1-0: Ball 2-0: Ball 3-0: Called Strike 3-1: Fly out, F7 (Flyball, 7S, EV 84.4 MPH)
|
|
Batting: RHB Mike Bates
|
0-0: Ball 1-0: Called Strike 1-1: Foul Ball, location: 2F 1-2: Ball 2-2: Foul Ball, location: 2F 2-2: Strikes out swinging
|
|
Batting: LHB Pat Sutton
|
0-0: Called Strike 0-1: Ball 1-1: Called Strike 1-2: Strikes out looking
|
| Top of the 8th over - 1 run, 1 hit, 0 errors, 0 left on base; St. Louis 6 - Philadelphia 1 |
| BOTTOM OF THE 8TH |
|
Philadelphia Phillies batting - Pitching for St. Louis Cardinals : RHP Danny Cook
|
|
Batting: SHB Phuck II
|
0-0: Ball 1-0: Called Strike 1-1: Foul Ball, location: 2F 1-2: Foul Ball, location: 2F 1-2: Foul Ball, location: 2F 1-2: Ball 2-2: Strikes out swinging
|
|
Batting: RHB Chef Belew
|
0-0: Ball 1-0: Foul Ball, location: 2F 1-1: Ball 2-1: SINGLE (Line Drive, 89S, EV 93.1 MPH)
|
|
Batting: RHB Josh Hensley
|
0-0: Called Strike 0-1: Called Strike 0-2: Fly out, F7 (Line Drive, 7, EV 100.6 MPH)
|
|
Batting: LHB Osamu Kubo
|
0-0: Called Strike 0-1: Ball 1-1: Foul Ball, location: 2F 1-2: Strikes out swinging
|
| Bottom of the 8th over - 0 runs, 1 hit, 0 errors, 1 left on base; St. Louis 6 - Philadelphia 1 |
| TOP OF THE 9TH |
|
St. Louis Cardinals batting - Pitching for Philadelphia Phillies : RHP David LaBounty
|
|
Batting: SHB Harry Hoop
|
0-0: Ball 1-0: Ball 2-0: Foul Ball, location: 2F 2-1: Foul Ball, location: 2F 2-2: Ground out 4-3 (Groundball, 4, EV 85.6 MPH)
|
|
Batting: RHB Melvin Enriquez
|
0-0: Called Strike 0-1: Ball 1-1: Swinging Strike 1-2: Strikes out swinging
|
|
Batting: LHB Armando Carbajal
|
0-0: Fly out, F4 (Popup, 4D, EV 47.5 MPH)
|
| Top of the 9th over - 0 runs, 0 hits, 0 errors, 0 left on base; St. Louis 6 - Philadelphia 1 |
| BOTTOM OF THE 9TH |
|
Philadelphia Phillies batting - Pitching for St. Louis Cardinals : RHP Danny Cook
|
|
Batting: LHB Mike Davis
|
0-0: Ball 1-0: Ball 2-0: Ball 3-0: Called Strike 3-1: Foul Ball, location: 2F 3-2: Foul Ball, location: 2F 3-2: Foul Ball, location: 2F 3-2: Fly out, F9 (Flyball, 9, EV 71.9 MPH)
|
|
Batting: RHB Quintin Parker
|
0-0: SOLO HOME RUN (Flyball, 9LD, EV 94.4 MPH), Distance : 361 ft
|
|
Batting: LHB Jim Beaver
|
0-0: Ball 1-0: Ball 2-0: Called Strike 2-1: Foul Ball, location: 2F 2-2: Foul Ball, location: 2F 2-2: Strikes out swinging
|
|
Batting: LHB Ryan Trombley
|
0-0: Ball 1-0: SINGLE (Groundball, 4M, EV 104.4 MPH) (infield hit)
|
|
Batting: SHB Lance Franklin
|
0-0: Ball 1-0: SINGLE (Groundball, 25, EV 68.1 MPH) (infield hit) Ryan Trombley to second
|
|
Pitching: LHP Danny Rivera
|
|
|
Batting: SHB Phuck II
|
0-0: Foul Ball, location: 2F 0-1: Ball 1-1: Ball 2-1: Called Strike 2-2: Foul Ball, location: 2F 2-2: Foul Ball, location: 2F 2-2: Strikes out swinging
|
| Bottom of the 9th over - 1 run, 3 hits, 0 errors, 2 left on base; St. Louis 6 - Philadelphia 2 |
|